 Dungeon Crawl Stone Soup version 0.20-a0-1040-gfd09691 (webtiles) character file.

23258 theAP the Bludgeoner (level 13, -9/88 HPs)
             Began as a Gargoyle Fighter on Apr 23, 2017.
             Was an Initiate of Gozag.
             Killed from afar by Frances (18 damage)
             ... with an iron shot
             ... on level 12 of the Dungeon on Apr 24, 2017.
             The game lasted 00:36:31 (15479 turns).

theAP the Bludgeoner (Gargoyle Fighter)            Turns: 15479, Time: 00:36:32

Health: -9/88      AC: 23    Str: 25    XL:     13   Next: 5%
Magic:  13/13      EV:  8    Int:  9    God:    Gozag
Gold:   3149       SH: 18    Dex:  9    Spells: 12/12 levels left

rFire    . . .     SeeInvis .   n - +1 whip (flame)
rCold    + . .     Gourm    .   l - +0 large shield
rNeg     + . .     Faith    .   C - +0 plate armour
rPois    ∞         Spirit   .   L - +1 hat
rElec    +         Reflect  .   y - scarf {repulsion}
rCorr    .         Harm     .   (no gloves)
MR       .....     Clarity  +   c - +1 pair of boots
Stlth    ..........             p - amulet of rage
Regen    0.3/turn               x - +3 ring of evasion
MPRegen  0.2/turn               v - +3 ring of evasion

@: about to teleport, repel missiles
A: large bone plates 1, blurry vision 1, clarity, cold resistance 1, negative
energy resistance 1, electricity resistance, unbreathing, petrification
resistance, rot immunity, AC +9
a: Potion Petition, Call Merchant, Bribe Branch, Renounce Religion, Evoke
Berserk Rage


You were on level 12 of the Dungeon.
You worshipped Gozag.
Gozag was most pleased with you.
You were hungry.

You visited 2 branches of the dungeon, and saw 14 of its levels.
You also visited: Sewer.

You collected 3216 gold pieces.
You paid 67 gold pieces to Gozag.

Inventory:

Hand Weapons
 a - a +0 flail
 n - a +1 whip of flaming (weapon)
Armour
 c - a +1 pair of boots (worn)
 d - a +0 helmet
 l - a +0 large shield (worn)
 y - a scarf of repulsion (worn)
 C - a +0 plate armour (worn)
 L - a +1 hat (worn)
Jewellery
 p - an amulet of rage (around neck)
 v - a +3 ring of evasion (right hand)
 x - a +3 ring of evasion (left hand)
Wands
 j - a wand of paralysis (7/24)
 D - a wand of disintegration (9/24)
 H - a wand of lightning (1/15)
 K - a wand of polymorph (9/24)
Scrolls
 b - 2 scrolls of amnesia
 g - 2 scrolls of blinking
 h - 2 scrolls of fog
 i - a scroll of remove curse
 A - a scroll of teleportation
 E - a scroll of magic mapping
 F - a scroll of identify
 I - 2 scrolls of enchant armour
Potions
 e - a potion of resistance
 k - 2 potions of agility
 m - 2 potions of magic
 o - 4 potions of haste
 r - a potion of curing
 t - a potion of ambrosia
 w - 6 potions of flight
 z - a potion of might
 B - 2 potions of lignification
 G - 3 potions of cancellation
 O - a potion of degeneration
Books
 q - a book of Transfigurations

   Spells                             Type                      Level
   a - Irradiate                      Conjuration/Transmutation    5
   b - Statue Form                    Transmutation/Earth          6
   c - Hydra Form                     Transmutation                6
   d - Dragon Form                    Transmutation                7
 s - a book of Cantrips

   Spells                             Type                      Level
   a - Confusing Touch                Hexes                        1
   b - Animate Skeleton               Necromancy                   1
   c - Summon Small Mammal            Summoning                    1
   d - Apportation                    Translocation                1
Comestibles
 f - 5 bread rations
 u - 3 meat rations
 J - 2 fruits
 N - a royal jelly


   Skills:
 + Level 13.2 Fighting
 * Level 16.9 Maces & Flails
 - Level 3.2 Armour
 - Level 3.2 Shields


You had 12 spell levels left.
You didn't know any spells.

Dungeon Overview and Level Annotations

Branches:
Dungeon (13/15)            Temple (1/1) D:6            Lair (0/6) D:10
    Orc (0/2) D:11
 Vaults: D:13-14

Altars:
Ashenzari
Cheibriados
Dithmenos
Gozag
Hepliaklqana
Kikubaaqudgha
Makhleb
Nemelex Xobeh
Okawaru
Qazlal
Sif Muna
Trog
Uskayaw
Vehumet
Wu Jian
Xom
Yredelemnul

Shops:
D:13 =

Annotations:
D:12 Frances


Innate Abilities, Weirdness & Mutations

You are resistant to torment.
Your stone body is resilient. (AC +9)
You are immune to poison.
You resist negative energy. (rN+)
You are resistant to electric shocks. (rElec)
You can survive without breathing.
You are immune to petrification.
You are immune to rotting.
You are partially covered in large bone plates. (SH +4)
Scrolls take you a little longer to read.
You possess an exceptional clarity of mind.
Your flesh is cold resistant. (rC+)


Message History

The sun demon disappears in a puff of smoke!
The red devil disappears in a puff of smoke!
There is a stone staircase leading down here.
You feel much better. Frances hits you with a scimitar!!
* * * LOW HITPOINT WARNING * * *
Frances chants phrases taken from a devil's mouth.
Frances screams a word of power!
The ynoxinul gestures.
Really read with blurry vision while enemies are nearby? [Y]es or [N]o only, please.
Really read with blurry vision while enemies are nearby?
You begin reading the scroll.
You continue reading the scroll.
Frances hits you with a scimitar!
* * * LOW HITPOINT WARNING * * *
As you read the scroll of teleportation, it crumbles to dust.
You feel strangely unstable. You block the ufetubus's attack. x2
Frances chants phrases taken from a devil's mouth.
The iron shot hits you!
You die...
Your body crumbles into a pile of gold.

#.# #.# #..######.# #.#####
#.####.......#)####### #.....#
#.#....#####.#)......#
#####.###.#.#####....)######.#
........#...# #.)...##.....#
........##..# ##.....##.#...#
........##..# #.....###.#.#.#
#####.#####.####.##### #...#.#
..........(.....@.@4>#######.#
############.##..543...#####.#
#.##...5....##....#
#.##........##.####
#..#........##(#
##.###.........# #.#
#.........# #############.#
#.........# #.............#
#.........#


You could see Frances, 2 ice devils, a ynoxinul and 2 ufetubi.

Vanquished Creatures
  A centaur warrior (D:13)
  4 two-headed ogres
  2 tengu warriors
  A queen ant (D:8)
  Nergalle (D:12)
  An unseen horror (D:10)
  2 ugly things (D:11)
  2 cyclopes
  A gargoyle (D:11)
  An efreet (D:13)
  2 kobold demonologists (D:13)
  A queen bee (D:13)
  Prince Ribbit (D:8)
  2 trolls
  Grinder (Sewer)
  3 slime creatures (D:12)
  5 hippogriffs (D:10)
  A spriggan (D:7)
  A shadow (D:13)
  3 wraiths
  10 yaks
  Eustachio (D:5)
  2 wyverns
  A basilisk (D:10)
  3 hungry ghosts
  A vampire mosquito (D:13)
  2 water moccasins
  7 soldier ants
  A sky beast (D:8)
  10 orc warriors
  An ice beast (D:12)
  2 eyes of draining
  4 ogres
  A necrophage (D:10)
  3 phantoms
  7 centaurs
  A crocodile (D:10)
  4 big kobolds
  An elf zombie (D:9)
  3 bullfrogs
  A wyvern zombie (D:11)
  A wyvern skeleton (D:6)
  2 scorpions
  13 killer bees
  A troll zombie (D:9)
  6 wights (D:9)
  5 crimson imps
  A howler monkey (D:6)
  3 bullfrog zombies
  2 centaur zombies
  2 quasits
  A centaur skeleton (D:4)
  2 human zombies (D:9)
  6 hounds
  Crazy Yiuf (D:2)
  14 orc priests
  5 jellies
  18 orc wizards
  Jessica (D:2)
  3 bullfrog skeletons
  3 human skeletons (D:9)
  5 iguanas
  37 worker ants
  Natasha (thrice) (D:2)
  A big kobold zombie (Sewer)
  A mummy (D:9)
  2 worker ant zombies
  7 gnolls
  19 adders
  3 river rats (D:6)
  3 shadow imps
  2 ufetubi (Sewer)
  3 adder skeletons
  3 worms
  4 dart slugs
  3 leopard geckos
  80 orcs
  2 ball pythons
  3 giant cockroaches
  8 goblins
  6 hobgoblins
  8 jackals
  4 quokkas
  7 bats
  5 frilled lizards
  29 kobolds
  A kobold zombie (Sewer)
  A leopard gecko skeleton (D:5)
  An orc zombie (D:9)
  A quokka skeleton (D:4)
  A quokka zombie (D:5)
  10 rats
455 creatures vanquished.

Vanquished Creatures (others)
  Sigmund (D:2)
  A vampire mosquito (D:13)
  2 big kobold zombies (Sewer)
4 creatures vanquished.

Grand Total: 459 creatures vanquished

Notes
Turn   | Place    | Note
-------+----------+-------------------------------------------
     0 | D:1      | theAP the Gargoyle Fighter began the quest for the Orb.
     0 | D:1      | Reached XP level 1. HP: 14/14 MP: 1/1
    81 | D:1      | Reached XP level 2. HP: 15/19 MP: 2/2
   374 | D:1      | Reached skill level 3 in Maces & Flails
   578 | D:1      | Reached XP level 3. HP: 23/23 MP: 3/3
   737 | D:2      | Noticed Natasha
   751 | D:2      | Killed Natasha
   751 | D:2      | Reached XP level 4. HP: 17/29 MP: 4/4
   831 | D:2      | Noticed Sigmund
   832 | D:2      | Noticed Jessica
   850 | D:2      | Killed Sigmund
   850 | D:2      | Reached skill level 4 in Maces & Flails
   850 | D:2      | Reached XP level 5. HP: 16/34 MP: 5/5
   853 | D:2      | Killed Jessica
   853 | D:2      | Reached skill level 5 in Maces & Flails
  1051 | D:2      | Reached XP level 6. HP: 37/39 MP: 6/6
  1081 | D:2      | Noticed Natasha
  1086 | D:2      | Killed Natasha
  1165 | D:2      | Noticed Natasha
  1169 | D:2      | Killed Natasha
  1169 | D:2      | Reached skill level 5 in Fighting
  1318 | D:2      | Found a runed door.
  1322 | D:2      | Noticed Crazy Yiuf
  1334 | D:2      | HP: 1/40 [Crazy Yiuf/quarterstaff of chaos (4)]
  1335 | D:2      | Killed Crazy Yiuf
  1861 | D:3      | Found a sparkling altar of Nemelex Xobeh.
  1895 | D:3      | Found a deep blue altar of Sif Muna.
  2140 | D:3      | Found an ancient bone altar of Kikubaaqudgha.
  2300 | D:3      | Found a shattered altar of Ashenzari.
  2528 | D:4      | Reached skill level 6 in Maces & Flails
  2565 | D:4      | Reached XP level 7. HP: 39/44 MP: 7/7
  3639 | D:4      | Found an ornate altar of the Wu Jian Council.
  3772 | D:5      | Entered Level 5 of the Dungeon
  3808 | D:5      | Reached skill level 7 in Maces & Flails
  4021 | D:5      | Found an iron altar of Okawaru.
  4137 | D:5      | Noticed Eustachio
  4178 | D:5      | Killed Eustachio
  4178 | D:5      | Reached XP level 8. HP: 30/51 MP: 8/8
  4311 | D:5      | Reached skill level 8 in Maces & Flails
  4685 | D:5      | Gained mutation: Your mind is acute. (Int +2) [potion of mutation]
  4685 | D:5      | Gained mutation: You have a pair of small horns on your head. [potion of mutation]
  4685 | D:5      | Gained mutation: Scrolls take you a little longer to read. [potion of mutation]
  4685 | D:5      | Gained mutation: Your flesh is cold resistant. (rC+) [potion of mutation]
  4876 | D:6      | Found a staircase to the Ecumenical Temple.
  4926 | Temple   | Entered the Ecumenical Temple
  4941 | Temple   | Became a worshipper of Gozag Ym Sagoz the Greedy
  5007 | D:6      | Reached skill level 9 in Maces & Flails
  5268 | D:6      | Found a glowing drain.
  5304 | Sewer    | Entered a sewer
  5503 | Sewer    | Found a burning altar of Makhleb.
  5512 | Sewer    | Noticed Grinder
  5530 | Sewer    | Reached XP level 9. HP: 55/57 MP: 9/9
  5563 | Sewer    | Paralysed by Grinder for 5 turns
  5588 | Sewer    | Paralysed by Grinder for 7 turns
  5596 | Sewer    | Killed Grinder
  5596 | Sewer    | Reached skill level 10 in Maces & Flails
  6175 | D:6      | Lost mutation: Your mind is acute. (Int +2) [potion of mutation]
  6175 | D:6      | Lost mutation: You have a pair of small horns on your head. [potion of mutation]
  6175 | D:6      | Gained mutation: You possess an exceptional clarity of mind. [potion of mutation]
  6175 | D:6      | Gained mutation: You are partially covered in large bone plates. (SH +4) [potion of mutation]
  6889 | D:7      | Reached skill level 11 in Maces & Flails
  7044 | D:7      | Found a hazy altar of Hepliaklqana.
  7343 | D:7      | Reached XP level 10. HP: 54/65 MP: 10/10
  7788 | D:8      | Noticed Prince Ribbit
  7865 | D:8      | Killed Prince Ribbit
  7865 | D:8      | Reached skill level 12 in Maces & Flails
  7892 | D:8      | Noticed a two-headed ogre
  7905 | D:8      | Killed a two-headed ogre
  8387 | D:8      | Noticed a queen ant
  8418 | D:8      | Killed a queen ant
  8418 | D:8      | Reached skill level 10 in Fighting
  8418 | D:8      | Reached skill level 13 in Maces & Flails
  8530 | D:8      | Reached XP level 11. HP: 53/73 MP: 11/11
  9702 | D:9      | Found a shimmering altar of Xom.
  9773 | D:9      | Found a burning altar of Makhleb.
  9776 | D:9      | Found a shadowy altar of Dithmenos.
  9967 | D:9      | Noticed a two-headed ogre
  9982 | D:9      | Killed a two-headed ogre
  9982 | D:9      | Reached skill level 14 in Maces & Flails
 10264 | D:9      | Found a bloodstained altar of Trog.
 10592 | D:9      | Found a basalt altar of Yredelemnul.
 10817 | D:10     | Entered Level 10 of the Dungeon
 10842 | D:10     | Noticed a two-headed ogre
 10879 | D:10     | Killed a two-headed ogre
 11191 | D:10     | Found a staircase to the Lair.
 11471 | D:10     | Killed an unseen horror
 11471 | D:10     | Reached skill level 15 in Maces & Flails
 11819 | D:10     | Reached XP level 12. HP: 80/80 MP: 12/12
 12432 | D:11     | Noticed a tengu warrior
 12536 | D:11     | Killed a tengu warrior
 13346 | D:11     | Found a staircase to the Orcish Mines.
 13783 | D:12     | Reached skill level 16 in Maces & Flails
 14201 | D:12     | Noticed Nergalle
 14242 | D:12     | Killed Nergalle
 14667 | D:13     | Noticed a tengu warrior
 14698 | D:13     | Killed a tengu warrior
 14983 | D:13     | Found Vumedomo's Jewellery Boutique.
 15110 | D:13     | Noticed Snorg
 15112 | D:13     | Noticed Snorg
 15112 | D:13     | Snorg changed into Snorg the queen bee
 15146 | D:13     | Killed Snorg the queen bee
 15154 | D:13     | Noticed a two-headed ogre
 15167 | D:13     | Killed a two-headed ogre
 15167 | D:13     | Reached XP level 13. HP: 65/88 MP: 13/13
 15238 | D:13     | Noticed Frances
 15479 | D:12     | Killed from afar by Frances

Vault maps used:
D:1:      lightli_arrival_chessboard
D:2:      uniq_jessica, uniq_natasha, uniq_crazy_yiuf_cottage, uniq_sigmund
D:3:      nicolae_overflow_crystal_walls, lemuel_coloured_pillars_altar,
          nemelex_xobeh_ov_fountains_minmay, overflow_temple_1_default
D:4:      marbit_many_paths
D:5:      kennysheep_mini, first_bread, uniq_eustachio
D:6:      temple_green, portal_sewer_entry_b
D:7:      lemuel_round_altar, the_bakery
D:8:      zaba_antful_of_joy, uniq_prince_ribbit1
D:9:      bloody_trog, lemuel_mausoleum_altar_yredelemnul,
          grunt_temple_overflow_open, special_room
D:10:     david_lair_generic
D:11:     kennysheep_big_flooded_room, orc_0_dummy
D:12:     uniq_nergalle
D:13:     serial_column_ruins, column_ruins_hut, column_ruins_hut,
          column_ruins_open_medium, column_ruins_open_medium,
          column_ruins_open_tiny, column_ruins_grid_2, serial_shops, shop,
          uniq_snorg, uniq_frances
Temple:   zaba_magenta_temple
Sewer:    kennysheep_sewer_church

Skill      XL: |  1  2  3  4  5  6  7  8  9 10 11 12 |
---------------+-------------------------------------+-----
Maces & Flails | 3 4 5 6 7 9 11 13 15 16 | 16.9
Fighting       | 4 5 6 7 8 10 11 13 | 13.2
Armour         | |  3.2
Shields        | |  3.2

Action                   |  1- 3 |  4- 6 |  7- 9 | 10-12 | 13-15 || total
-------------------------+-------+-------+-------+-------+-------++-------
Melee: Flail             |   103 |   165 |   739 |   615 |       ||  1622
       Headbutt          |       |       |    44 |       |       ||    44
       Whip              |       |       |       |  1484 |    49 ||  1533
Evoke: Wand              |       |       |       |     3 |     4 ||     7
  Use: Potion            |       |     1 |     5 |     9 |     2 ||    17
       Scroll            |       |     5 |    13 |     6 |     1 ||    25
 Stab: Distracted        |       |       |     1 |     4 |       ||     5
  Eat: Chunk             |       |     5 |     9 |       |       ||    14
       Royal jelly       |       |       |     1 |     2 |     1 ||     4
       Bread ration      |       |       |     3 |     4 |       ||     7
       Fruit             |       |       |       |     6 |       ||     6
Armor: Scale mail        |    39 |    51 |   122 |       |       ||   212
       Chain mail        |       |       |   266 |     2 |       ||   268
       Plate armour      |       |       |       |   563 |    18 ||   581
Dodge: Dodged            |    42 |    50 |   331 |   223 |    10 ||   656
       Deflected         |       |       |     1 |     2 |     2 ||     5
Block: Shield            |    60 |    72 |   131 |       |       ||   263
       Large shield      |       |       |   516 |  1204 |    60 ||  1780
